 Dungeon Crawl Stone Soup version 0.27-a0-1140-g099f9bb0e8 (webtiles) character file.

Game seed: 4710961397676989440

239 leviel the Shield-Bearer (level 5, -1/47 HPs)
             Began as a Minotaur Fighter on May 9, 2021.
             Slain by a gnoll
             ... wielding a +2 spear of freezing
              (6 damage)
             ... on level 2 of the Dungeon.
             The game lasted 00:01:30 (1260 turns).

leviel the Shield-Bearer (Minotaur Fighter)         Turns: 1260, Time: 00:01:31

Health: -1/47      AC:  7    Str: 21    XL:     5   Next: 79%
Magic:  5/5        EV:  7    Int:  5    God:
Gold:   97         SH:  9    Dex: 10    Spells: 4/4 levels left

rFire    . . .     SeeInvis .   m - +1 war axe (flame)
rCold    . . .     Faith    .   c - +0 kite shield
rNeg     . . .     Spirit   .   b - +0 scale mail
rPois    .         Reflect  .   (helmet restricted)
rElec    .         Harm     .   (no cloak)
rCorr    .         Rampage  .   (no gloves)
Will     .....                  (no boots)
Stlth    ..........             (no amulet)
HPRegen  0.15/turn              (no ring)
MPRegen  0.09/turn              (no ring)

@: no status effects
A: horns 2, retaliatory headbutt
a: no special abilities


You were on level 2 of the Dungeon.
You visited 1 branch of the dungeon, and saw 2 of its levels.

You collected 97 gold pieces.

Inventory:

Hand Weapons
 a - a +0 war axe
 m - a +1 war axe of flaming (weapon)
Missiles
 g - a throwing net (quivered)
Armour
 b - a +0 scale mail (worn)
 c - a +0 kite shield (worn)
Wands
 d - a wand of flame (15)
Scrolls
 e - a scroll of fog {unknown}
 h - a scroll of silence {unknown}
 i - a scroll of blinking {unknown}
 j - 2 scrolls of noise {unknown}
 l - a scroll of identify {unknown}
Potions
 f - a potion of haste {unknown}
 k - a potion of lignification {unknown}


   Skills:
 + Level 4.8 Fighting
 + Level 3.9 Axes
 + Level 4.7 Armour
 + Level 4.8 Shields
 + Level 2.2 Invocations


You had 4 spell levels left.
You didn't know any spells.
Your spell library contained the following spells:

 Spells                   Type           Power      Damage    Failure   Level
 Beastly Appendage        Tmut           0%         N/A       99%         1
 Magic Dart               Conj           0%         1d3       99%         1
 Blink                    Tloc           N/A        N/A       100%        2
 Call Imp                 Summ           0%         N/A       100%        2
 Slow                     Hex            0%         N/A       100%        2
 Wereblood                Tmut           0%         N/A       100%        2
 Conjure Flame            Conj/Fire      0%         6-21      100%        3
 Mephitic Cloud           Conj/Pois/Air  0%         N/A       100%        3
 Spider Form              Tmut/Pois      0%         N/A       100%        3
 Ice Form                 Ice/Tmut       0%         N/A       100%        4
 Hydra Form               Tmut           0%         N/A       100%        5


Dungeon Overview and Level Annotations

Branches:
Dungeon (2/15)

Altars:


Innate Abilities, Weirdness & Mutations

You have a pair of horns on your head.
You reflexively headbutt those who attack you in melee.


Message History

The gnoll is severely wounded.
You block the gnoll's attack.
You hit the gnoll but do no damage. Your headbutt misses the gnoll.
The gnoll is severely wounded.
The gnoll closely misses you.
You slash the gnoll! You burn the gnoll.
You kill the gnoll!
The gnoll hits you with a +0 whip.
You slash the gnoll! You burn the gnoll.
You kill the gnoll!
The gnoll hits you from afar with a +2 spear of freezing.
The gnoll freezes you. You block the gnoll's attack.
The gnoll hits you with a +2 spear of freezing!
The gnoll freezes you.
Items here: )) ††.
You slash the gnoll! You burn the gnoll.
The gnoll is severely wounded.
The gnoll hits you with a +2 spear of freezing.
The gnoll freezes you.
You barely miss the gnoll. Your headbutt misses the gnoll.
The gnoll is severely wounded.
The gnoll hits you with a +2 spear of freezing.
The gnoll freezes you.
The gnoll hits you with a +2 spear of freezing.
* * * LOW HITPOINT WARNING * * *
The gnoll freezes you.
* * * LOW HITPOINT WARNING * * *
You are too injured to fight recklessly!
You hit the gnoll. You burn the gnoll.
You headbutt the gnoll, but do no damage.
The gnoll is severely wounded.
The gnoll hits you with a +2 spear of freezing!
* * * LOW HITPOINT WARNING * * *
The gnoll freezes you.
* * * LOW HITPOINT WARNING * * *
You completely miss the gnoll. Your headbutt misses the gnoll.
The gnoll is severely wounded.
You block the gnoll's attack.
The gnoll hits you with a +2 spear of freezing.
You die...

#..........# ..
#..........# #
#.##..............#
#.#....############)#
.#.[# #.) .!.# ##.
.g# #... #g# #.#. #@#
.).## #.# #.# #.#
####.>. #.## #.....#
#..###..# ## ##.....#
######## ###..##
#..(.... #....#
#....... ###.##.#
#.......


You could see 2 gnolls.

Vanquished Creatures
  Sigmund (D:2)
  2 gnolls (D:2)
  2 dart slugs
  5 endoplasms
  2 giant cockroaches
  4 goblins
  4 hobgoblins
  10 jackals
  6 kobolds
  2 quokkas
  5 ball pythons
  5 bats
  2 frilled lizards
50 creatures vanquished.

Notes
Turn   | Place    | Note
-------+----------+-------------------------------------------
     0 | D:1      | leviel the Minotaur Fighter began the quest for the Orb.
     0 | D:1      | Reached XP level 1. HP: 19/19 MP: 0/0
   137 | D:1      | Reached XP level 2. HP: 26/27 MP: 1/1
   364 | D:1      | Found a faded altar of an unknown god.
   532 | D:1      | Reached skill level 1 in Invocations
   532 | D:1      | Reached XP level 3. HP: 33/33 MP: 2/2
  1085 | D:2      | Noticed Sigmund
  1092 | D:2      | Killed Sigmund
  1093 | D:2      | Reached XP level 4. HP: 39/41 MP: 2/4
  1093 | D:2      | Reached XP level 5. HP: 45/47 MP: 2/5
  1260 | D:2      | Slain by a gnoll

Illustrated notes

Levels and vault maps discovered:
D:1:      dpeg_arrival_tiny_f, layout_basic, basic_ecumenical_altar
D:2:      layout_rooms, hex_tiny, minmay_pentomino_q4, uniq_sigmund

Skill      XL: |  1  2  3 |
---------------+----------+-----
Armour         | 4 |  4.7
Shields        | 4 |  4.8
Invocations    | 1 2 |  2.2
Fighting       | 4 |  4.8
Axes           | 3 |  3.9

Action                   |  1- 3 |  4- 6 || total
-------------------------+-------+-------++-------
Melee: War axe           |    81 |    11 ||    92
       Headbutt          |    15 |     2 ||    17
  Use: Potion            |     1 |       ||     1
Armor: Scale mail        |    50 |     1 ||    51
Dodge: Dodged            |    27 |     2 ||    29
Block: Kite shield       |    45 |     6 ||    51

Table legend: (Time is in decaauts)
 A = Elapsed time spent in this place.
 B = Non-inter-level travel time spent in this place.
 C = Inter-level travel time spent in this place.
 D = Time resting spent in this place.
 E = Time spent auto-exploring this place.
 F = Levels seen in this place.
 G = Mean time per level.
                   A        B        C        D        E       F      G
               +--------+--------+--------+--------+--------+-----+--------+
         Total |   1311 |   1250 |     61 |      5 |    985 |   2 |  655.5 |
       Dungeon |   1311 |   1250 |     61 |      5 |    985 |   2 |  655.5 |
               +--------+--------+--------+--------+--------+-----+--------+

Top non-repeatable levels by time:
     D:1: 792 daAuts
     D:2: 518 daAuts
